[Event "ICC tourney 2107 (75 10)"]
[Site "Internet Chess Club"]
[Date "2020.11.08"]
[Round "5"]
[White "Nathan-Shamalov"]
[Black "johnzabraham"]
[Result "0-1"]
[ICCResult "White resigns"]
[WhiteElo "1066"]
[BlackElo "1079"]
[Opening "French: advance variation"]
[ECO "C02"]
[NIC "FR.03"]
[Time "11:02:20"]
[PlyCount "81"]
[TimeControl "4500+10"]

1. e4 e6 2. d4 d5 3. e5 c5 4. c3 Nc6 5. Be3 Qb6 6. Qd2 cxd4 7. Bxd4 Nxd4 8.
cxd4 Bb4 9. Nc3 Bd7 10. a3 Bxc3 11. Qxc3 Ne7 12. Nf3 O-O 13. Bd3 Ng6 14.
O-O Nf4 15. Rac1 Rac8 16. Qd2 Nxd3 17. Qxd3 Bb5 18. Qb3 Bxf1 19. Qxb6 axb6
20. Rxc8 Rxc8 21. Kxf1 Rc2 22. b3 Rb2 23. b4 Ra2 24. Ne1 Rxa3 25. Ke2 Rb3
26. Nc2 Kf8 27. f4 Ke7 28. g3 Kd7 29. Kd2 Kc6 30. Ke2 Kb5 31. Kd2 Kc4 32.
g4 Rd3+ 33. Ke2 Kc3 34. Ne1 Rxd4 35. Kf3 Re4 36. Ng2 Kxb4 37. f5 Rxe5 38.
fxe6 fxe6 39. Nh4 Kc3 40. g5 Rxg5 41. Ng2 { White resigns } 0-1

[Event "ICC tourney 2107 (75 10)"]
[Site "Internet Chess Club"]
[Date "2020.11.08"]
[Round "5"]
[White "oxdidi"]
[Black "paradoxical"]
[Result "0-1"]
[ICCResult "White resigns"]
[WhiteElo "1050"]
[BlackElo "1054"]
[Opening "Giuoco Pianissimo"]
[ECO "C55"]
[NIC "IG.01"]
[Time "11:02:44"]
[PlyCount "99"]
[TimeControl "4500+10"]

1. e4 e5 2. Nf3 Nc6 3. Bc4 Nf6 4. d3 Bc5 5. c3 O-O 6. Nbd2 d5 7. exd5 Nxd5
8. Bxd5 Qxd5 9. Nf1 Rd8 10. Ng3 e4 11. Nxe4 Bg4 12. O-O b6 13. Nxc5 bxc5
14. h3 Bh5 15. Bg5 Rd7 16. Qe2 f6 17. Be3 Ne5 18. c4 Qc6 19. Nxe5 Bxe2 20.
Nxc6 Bxf1 21. Rxf1 a5 22. Bxc5 Rxd3 23. Ne7+ Kf7 24. Nd5 Rd2 25. Nxc7 Rc8
26. Bb6 Rxb2 27. Bxa5 Rxa2 28. Bb6 Rb2 29. Nd5 Rxc4 30. Be3 g5 31. Nb6 Rc7
32. Rd1 Kg6 33. g4 Rb3 34. Nd5 Rd7 35. Rd2 Kf7 36. f4 Rxe3 37. Nxe3 Rxd2
38. fxg5 fxg5 39. Nf5 Ra2 40. Kf1 Kf6 41. Ke1 Ke5 42. Kf1 h5 43. Ke1 hxg4
44. hxg4 Kf4 45. Nh6 Rh2 46. Nf5 Kxg4 47. Ne3+ Kf4 48. Nf1 Ra2 49. Nd2 g4
50. Kf2 { White resigns } 0-1

[Event "ICC tourney 2107 (75 10)"]
[Site "Internet Chess Club"]
[Date "2020.11.08"]
[Round "5"]
[White "AarushV5"]
[Black "albertyang"]
[Result "0-1"]
[ICCResult "White checkmated"]
[WhiteElo "640"]
[BlackElo "706"]
[Opening "Sicilian defense"]
[ECO "B30"]
[NIC "SI.31"]
[Time "11:02:23"]
[PlyCount "132"]
[TimeControl "4500+10"]

1. e4 c5 2. Nf3 Nc6 3. Nc3 e6 4. Bc4 Nf6 5. O-O d5 6. exd5 exd5 7. Bb3 Be7
8. Re1 O-O 9. h3 a6 10. d3 b5 11. a3 d4 12. Ne2 Bf5 13. Nh4 Qd7 14. Ng3
Bxh3 15. gxh3 Qxh3 16. Nf3 Bd6 17. Ne4 Nxe4 18. Rxe4 Rae8 19. Ng5 Qh2+ 20.
Kf1 Qh1+ 21. Ke2 Rxe4+ 22. Nxe4 Qxd1+ 23. Kxd1 Bc7 24. Bd5 Ne5 25. Bf4 Kh8
26. a4 b4 27. Nxc5 a5 28. Nd7 Rd8 29. Nxe5 Bxe5 30. Bxe5 Rxd5 31. f4 f6 32.
c4 dxc3 33. Bc7 cxb2 34. Rb1 Rxd3+ 35. Kc2 Rc3+ 36. Kxb2 Rxc7 37. Ka2 h5
38. f5 g5 39. fxg6 f5 40. Rf1 Rc5 41. Rg1 Kg7 42. Kb3 Rc6 43. Rf1 Kxg6 44.
Rg1+ Kh6 45. Rf1 Rc3+ 46. Kb2 Ra3 47. Rxf5 Rxa4 48. Kb3 Ra1 49. Kc4 h4 50.
Rf3 Kg5 51. Rb3 Kg4 52. Kd3 h3 53. Kc2 h2 54. Rb1 Rxb1 55. Kxb1 h1=Q+ 56.
Kb2 a4 57. Kc2 b3+ 58. Kc3 Qe1+ 59. Kd4 a3 60. Kd5 a2 61. Kd4 a1=Q+ 62. Kd5
b2 63. Kd4 b1=Q+ 64. Kd5 Qd3+ 65. Kc5 Qec1+ 66. Kb4 Qdb1# { White
checkmated } 0-1

[Event "ICC tourney 2107 (75 10)"]
[Site "Internet Chess Club"]
[Date "2020.11.08"]
[Round "5"]
[White "Udbhav10"]
[Black "Mannansh"]
[Result "0-1"]
[ICCResult "White checkmated"]
[WhiteElo "104"]
[BlackElo "1168"]
[Opening "King's Indian: East Indian defense"]
[ECO "A48"]
[NIC "QP.06"]
[Time "11:02:34"]
[PlyCount "70"]
[TimeControl "4500+10"]

1. d4 Nf6 2. Nf3 g6 3. Nc3 Bg7 4. e3 O-O 5. g3 d6 6. Bg2 Nc6 7. O-O e5 8.
dxe5 dxe5 9. Qe2 Qe7 10. Rd1 e4 11. Nd4 Nxd4 12. Rxd4 Bg4 13. f3 exf3 14.
Bxf3 Bxf3 15. Qxf3 c6 16. e4 Qc5 17. Be3 Ng4 18. Ne2 Nxe3 19. Qxe3 Bxd4 20.
Qxd4 Qxd4+ 21. Nxd4 Rad8 22. Rd1 c5 23. Nf5 Rxd1+ 24. Kf2 gxf5 25. exf5
Rfd8 26. Ke3 R8d2 27. c4 Rxb2 28. a4 Rxh2 29. Kf3 Rd3+ 30. Kg4 Rd4+ 31. Kf3
Rxc4 32. g4 Rh3+ 33. Kg2 Rb3 34. Kf2 Rc2+ 35. Ke1 Rb1# { White checkmated }
0-1

[Event "ICC tourney 2107 (75 10)"]
[Site "Internet Chess Club"]
[Date "2020.11.08"]
[Round "5"]
[White "travelworld"]
[Black "Harithaananth"]
[Result "1-0"]
[ICCResult "Black checkmated"]
[WhiteElo "1143"]
[BlackElo "1102"]
[Opening "Scotch game"]
[ECO "C45"]
[NIC "SO.04"]
[Time "11:02:21"]
[PlyCount "117"]
[TimeControl "4500+10"]

1. e4 e5 2. Nf3 Nc6 3. d4 exd4 4. Nxd4 Nxd4 5. Qxd4 Be7 6. Qxg7 Bf6 7. Qg3
d6 8. Bc4 Bd7 9. O-O Ne7 10. Qf3 Ng6 11. Bg5 Ne5 12. Qxf6 Qxf6 13. Bxf6 Rg8
14. Bxe5 dxe5 15. Nc3 O-O-O 16. Kh1 Rg7 17. g3 Bh3 18. Rfd1 Rxd1+ 19. Rxd1
Bg4 20. Rd3 c6 21. a4 a6 22. b4 b5 23. axb5 axb5 24. Bb3 Kb7 25. Kg2 Be6
26. Bxe6 fxe6 27. Rd6 Rg6 28. Rd7+ Kb6 29. Rxh7 c5 30. bxc5+ Kxc5 31. h4 b4
32. h5 Rg8 33. Nd1 Kd4 34. f3 Rc8 35. Rd7+ Kc5 36. h6 Rh8 37. h7 Kc6 38.
Rg7 Kd6 39. Ne3 Kc5 40. Ng4 Kd4 41. Rd7+ Kc3 42. Ne3 b3 43. cxb3 Kxb3 44.
Rg7 Kc3 45. Ng4 Kd4 46. Nf6 Ke3 47. Rg8 Rxh7 48. Nxh7 Kd4 49. g4 Kc5 50. g5
Kd6 51. g6 Ke7 52. Rf8 Kd7 53. g7 Ke7 54. g8=Q Kd7 55. Qf7+ Kd6 56. Rd8+
Kc5 57. Qc7+ Kb4 58. Rb8+ Ka4 59. Qa7# { Black checkmated } 1-0

[Event "ICC tourney 2107 (75 10)"]
[Site "Internet Chess Club"]
[Date "2020.11.08"]
[Round "5"]
[White "EW2006"]
[Black "PRANAVAK"]
[Result "1-0"]
[ICCResult "Black checkmated"]
[WhiteElo "1249"]
[BlackElo "438"]
[Opening "Scotch game"]
[ECO "C45"]
[NIC "SO.05"]
[Time "11:02:16"]
[PlyCount "163"]
[TimeControl "4500+10"]

1. e4 e5 2. Nf3 Nc6 3. d4 exd4 4. Nxd4 Bc5 5. Nxc6 bxc6 6. Nc3 Nf6 7. Bc4
O-O 8. O-O Qe7 9. Re1 Bxf2+ 10. Kxf2 Qc5+ 11. Be3 Qxc4 12. Bd4 Ng4+ 13. Kg1
Qe6 14. h3 Ne5 15. Qh5 Re8 16. b3 f6 17. Re3 Qf7 18. Qxf7+ Kxf7 19. Ree1 d6
20. Be3 Bb7 21. Rad1 h5 22. Kh2 a5 23. Bd2 Ke6 24. Be3 c5 25. Nd5 Bxd5 26.
exd5+ Kd7 27. a4 Re7 28. Bd2 c6 29. Bc3 Ng6 30. dxc6+ Kxc6 31. Rf1 Re2 32.
Rd2 Rxd2 33. Bxd2 Re8 34. Re1 Rxe1 35. Bxe1 d5 36. Bxa5 c4 37. bxc4 dxc4
38. Kg3 Kc5 39. Be1 Ne7 40. Kf3 Nd5 41. Ke4 g6 42. a5 Nc7 43. Bc3 f5+ 44.
Ke5 Nb5 45. Be1 Na3 46. c3 Nc2 47. Bd2 Kb5 48. Kf6 h4 49. Kxg6 Kxa5 50.
Kxf5 Na3 51. Kg4 Nb5 52. Kxh4 Nd6 53. Kg4 Ka4 54. h4 Kb3 55. h5 Kc2 56. Be1
Kd1 57. Bg3 Nf7 58. Bc7 Kc2 59. Ba5 Ne5+ 60. Kf5 Nc6 61. h6 Nxa5 62. h7 Nb3
63. h8=Q Na1 64. Qd4 Kb3 65. g4 Nc2 66. Qd2 Na3 67. g5 Nb1 68. Qd1+ Kxc3
69. Qxb1 Kd2 70. g6 c3 71. g7 c2 72. Qxc2+ Kxc2 73. g8=Q Kd3 74. Qe6 Kd2
75. Qe4 Kc3 76. Qd5 Kb4 77. Qc6 Ka5 78. Qb7 Ka4 79. Ke5 Ka5 80. Kd4 Ka4 81.
Kc4 Ka5 82. Qb5# { Black checkmated } 1-0

[Event "ICC tourney 2107 (75 10)"]
[Site "Internet Chess Club"]
[Date "2020.11.08"]
[Round "5"]
[White "DaveGriffin"]
[Black "missqueen"]
[Result "0-1"]
[ICCResult "White resigns"]
[WhiteElo "1182"]
[BlackElo "1123"]
[Opening "Evans gambit"]
[ECO "C52"]
[NIC "IG.05"]
[Time "11:02:34"]
[PlyCount "52"]
[TimeControl "4500+10"]

1. e4 e5 2. Nf3 Nc6 3. Bc4 Bc5 4. b4 Bxb4 5. c3 Ba5 6. d4 d6 7. O-O Nf6 8.
d5 Ne7 9. Qa4+ c6 10. Bg5 b5 11. Bxb5 cxb5 12. Qxb5+ Bd7 13. Qd3 Ng6 14.
Nbd2 h6 15. Bxf6 Qxf6 16. Rab1 Nf4 17. Qa6 Bxc3 18. Rb7 Qg6 19. Nh4 Qg4 20.
Ndf3 O-O 21. Qxd6 g5 22. g3 gxh4 23. Nxh4 Nh3+ 24. Kg2 Qxe4+ 25. Nf3 Bg4
26. Qf6 Nf4+ { White resigns } 0-1

[Event "ICC tourney 2107 (75 10)"]
[Site "Internet Chess Club"]
[Date "2020.11.08"]
[Round "5"]
[White "charlesshen"]
[Black "oecooke"]
[Result "1-0"]
[ICCResult "Black checkmated"]
[WhiteElo "1080"]
[BlackElo "890"]
[Opening "Sicilian: accelerated fianchetto, modern variation with Bc4"]
[ECO "B35"]
[NIC "SI.33"]
[Time "11:02:26"]
[PlyCount "111"]
[TimeControl "4500+10"]

1. e4 c5 2. Nf3 Nc6 3. d4 cxd4 4. Nxd4 g6 5. Nc3 Bg7 6. Be3 Nf6 7. Bc4 O-O
8. Bb3 d6 9. f3 Qb6 10. Qd2 Nxd4 11. Bxd4 Qc7 12. O-O-O Rd8 13. Bxf6 Bxf6
14. Nd5 Qc6 15. Nxf6+ exf6 16. Qd5 Qc7 17. g4 Be6 18. Qd4 Kg7 19. g5 Qe7
20. h4 Bxb3 21. axb3 Qe5 22. Qxe5 dxe5 23. gxf6+ Kxf6 24. h5 Rd4 25. Rxd4
exd4 26. hxg6 Kxg6 27. Kd2 Rd8 28. Kd3 b5 29. Rg1+ Kf6 30. f4 a5 31. Rg5 h6
32. Rxb5 Kg6 33. Rxa5 h5 34. Rg5+ Kh6 35. Rd5 Rg8 36. Kxd4 Rg2 37. Rc5 Rg4
38. Ke3 Rg3+ 39. Kf2 Rg4 40. Kf3 Rg6 41. b4 h4 42. Rg5 Rb6 43. b5 f6 44.
Rf5 h3 45. Kg3 Re6 46. Kxh3 Rxe4 47. Rxf6+ Kg7 48. Rf5 Re3+ 49. Kg4 Re4 50.
b3 Rb4 51. c4 Rxb3 52. Rc5 Rb4 53. Kf5 Kf7 54. Rc7+ Ke8 55. Ke6 Rb3 56.
Rc8# { Black checkmated } 1-0

[Event "ICC tourney 2107 (75 10)"]
[Site "Internet Chess Club"]
[Date "2020.11.08"]
[Round "5"]
[White "unigirl314"]
[Black "Knighthhhh"]
[Result "0-1"]
[ICCResult "White checkmated"]
[WhiteElo "880"]
[BlackElo "1110"]
[Opening "Two knights defense"]
[ECO "C55"]
[NIC "KP.02"]
[Time "11:02:24"]
[PlyCount "108"]
[TimeControl "4500+10"]

1. e4 e5 2. Nf3 Nc6 3. d4 exd4 4. Bc4 Nf6 5. O-O d6 6. Ng5 Ne5 7. Qe2 h6 8.
Nf3 Bg4 9. Nbd2 Be7 10. Qd1 Bxf3 11. gxf3 Qd7 12. Kh1 Qh3 13. Rg1 Nh5 14.
Qf1 Qxf1 15. Rxf1 Nf4 16. Bb5+ c6 17. Nb3 cxb5 18. Bxf4 Nxf3 19. Rad1 O-O
20. Nxd4 Nxd4 21. Rxd4 Rac8 22. c3 Rfd8 23. Rg1 Kh7 24. e5 dxe5 25. Bxe5 g6
26. Rf4 Rf8 27. h4 h5 28. Rd4 Rcd8 29. Rxd8 Rxd8 30. Bd4 Bxh4 31. Bxa7 Rd2
32. Rb1 Bxf2 33. Bxf2 Rxf2 34. a3 Kh6 35. Kg1 Rc2 36. Kf1 Kg5 37. Ke1 h4
38. Kd1 Rg2 39. Ke1 Kg4 40. Kd1 Rg1+ 41. Kc2 Rxb1 42. Kxb1 h3 43. Kc1 h2
44. Kd1 h1=Q+ 45. Kc2 Kf3 46. Kb3 g5 47. Kb4 Kf2 48. Kb3 Qd1+ 49. Ka2 Qd5+
50. Kb1 Qb3 51. Ka1 Ke2 52. Kb1 Kd2 53. Ka1 Kc2 54. c4 Qxb2# { White
checkmated } 0-1

[Event "ICC tourney 2107 (75 10)"]
[Site "Internet Chess Club"]
[Date "2020.11.08"]
[Round "5"]
[White "arjunchesszero"]
[Black "Italy321"]
[Result "1-0"]
[ICCResult "Black checkmated"]
[WhiteElo "1151"]
[BlackElo "881"]
[Opening "Philidor: Hanham variation"]
[ECO "C41"]
[NIC "KP.08"]
[Time "11:02:20"]
[PlyCount "117"]
[TimeControl "4500+10"]

1. e4 e5 2. Nf3 d6 3. d4 Nd7 4. Bc4 Qe7 5. Nc3 c6 6. O-O b5 7. Bb3 Ngf6 8.
a3 Ba6 9. Re1 Bb7 10. Bg5 h6 11. Bh4 g5 12. Bg3 O-O-O 13. d5 g4 14. dxc6
Bxc6 15. Nh4 Nc5 16. Bd5 Qb7 17. b4 Na4 18. Nxa4 bxa4 19. c4 a6 20. Rc1 h5
21. Bxc6 Qxc6 22. b5 Qb6 23. Qxa4 Kb7 24. bxa6+ Qxa6 25. Rb1+ Ka7 26. Qb5
Qxb5 27. cxb5 Rb8 28. a4 Nd7 29. Rb2 Nc5 30. Ra1 Be7 31. a5 Nxe4 32. b6+
Ka6 33. Nf5 Bf6 34. f3 Nxg3 35. hxg3 e4 36. Rba2 Bxa1 37. Rxa1 gxf3 38.
gxf3 exf3 39. Kf2 h4 40. gxh4 d5 41. Kxf3 Rh5 42. Nd4 Rxh4 43. Nc6 Rb7 44.
Ne5 f5 45. Nd3 Rc4 46. Ne5 Rc5 47. Nd3 Rc3 48. Ke2 d4 49. Nb4+ Kb5 50. Nd5
Rc5 51. a6 Rd7 52. a7 d3+ 53. Kd2 Rdxd5 54. Rb1+ Kc6 55. a8=Q+ Kd6 56. Qd8+
Ke5 57. Qe7+ Kd4 58. Rb4+ Rc4 59. Qe3# { Black checkmated } 1-0

[Event "ICC tourney 2107 (75 10)"]
[Site "Internet Chess Club"]
[Date "2020.11.08"]
[Round "5"]
[White "akumarum"]
[Black "ayanloveschess"]
[Result "1-0"]
[ICCResult "Black resigns"]
[WhiteElo "1071"]
[BlackElo "872"]
[Opening "Giuoco Piano"]
[ECO "C50"]
[NIC "IG.02"]
[Time "11:02:19"]
[PlyCount "137"]
[TimeControl "4500+10"]

1. e4 e5 2. Nf3 Nc6 3. Bc4 Bc5 4. O-O Nf6 5. Nc3 O-O 6. d3 h6 7. h3 d6 8.
Be3 Bb6 9. Na4 Na5 10. Nxb6 axb6 11. Re1 Re8 12. Qd2 Be6 13. Bxe6 Rxe6 14.
a3 d5 15. exd5 Nxd5 16. c4 Nxe3 17. Qxe3 Qe7 18. b4 Nb3 19. Rab1 Rxa3 20.
Qe4 Qxb4 21. Qxb7 Qe7 22. Re2 Nc5 23. Qb8+ Qe8 24. Qxc7 Nd7 25. Re3 Ra8 26.
Qb7 Nc5 27. Qc7 Nd7 28. Qb7 Qc8 29. Qd5 Nf6 30. Qb5 Ra5 31. Qb2 Nd7 32. Ra1
Rxa1+ 33. Qxa1 Qc5 34. Qa8+ Qf8 35. Qa1 Qe7 36. Qa8+ Qe8 37. Qa1 Qe7 38.
Qa8+ Kh7 39. Qe4+ g6 40. g4 Nc5 41. Qd5 e4 42. dxe4 Nxe4 43. Nd4 Nf6 44.
Rxe6 Nxd5 45. Rxe7 Nxe7 46. Kg2 Nc8 47. Nc2 Kg7 48. Kf3 Kf6 49. h4 Nd6 50.
Ne3 Ke5 51. h5 g5 52. Kg3 Kd4 53. Kf3 Nxc4 54. Nf5+ Ke5 55. Nxh6 Kf6 56.
Nf5 b5 57. Nd4 b4 58. Ke4 Nd2+ 59. Kd3 Nf1 60. Kc4 Nh2 61. f3 Nxf3 62. Nxf3
Kg7 63. Nxg5 f6 64. Ne4 f5 65. gxf5 Kh6 66. Ng3 Kg5 67. Kxb4 Kh6 68. Kc5
Kg5 69. Kd6 { Black resigns } 1-0

[Event "ICC tourney 2107 (75 10)"]
[Site "Internet Chess Club"]
[Date "2020.11.08"]
[Round "6"]
[White "PRANAVAK"]
[Black "paradoxical"]
[Result "0-1"]
[ICCResult "White checkmated"]
[WhiteElo "416"]
[BlackElo "1023"]
[Opening "Three knights game"]
[ECO "C46"]
[NIC "KP.06"]
[Time "14:32:15"]
[PlyCount "34"]
[TimeControl "4500+10"]

1. e4 e5 2. Nf3 Nc6 3. Nc3 Bb4 4. Bb5 Nge7 5. O-O O-O 6. Re1 a6 7. Bxc6
bxc6 8. Nxe5 d5 9. Qh5 Bd6 10. d4 f6 11. Nxc6 Nxc6 12. Qxd5+ Kh8 13. Qxc6
Ra7 14. Rb1 Bb7 15. Qc4 Qd7 16. e5 Qg4 17. Qd3 Qxg2# { White checkmated }
0-1

[Event "ICC tourney 2107 (75 10)"]
[Site "Internet Chess Club"]
[Date "2020.11.08"]
[Round "6"]
[White "Mannansh"]
[Black "albertyang"]
[Result "1-0"]
[ICCResult "Black checkmated"]
[WhiteElo "1185"]
[BlackElo "676"]
[Opening "Sicilian: Smith-Morra gambit"]
[ECO "B21"]
[NIC "SI.48"]
[Time "14:32:21"]
[PlyCount "41"]
[TimeControl "4500+10"]

1. e4 c5 2. d4 cxd4 3. c3 dxc3 4. Nxc3 Nc6 5. Bc4 e5 6. Nf3 Bc5 7. Bxf7+
Kxf7 8. Qd5+ Ke8 9. Qxc5 d6 10. Qc4 Nf6 11. O-O Ng4 12. Bg5 Qc7 13. Nd5 Qf7
14. Rad1 h6 15. Be7 Kd7 16. Bxd6 Qg6 17. h3 h5 18. Nxe5+ Ngxe5 19. Bxe5
Nxe5 20. Qc7+ Ke6 21. Qe7# { Black checkmated } 1-0

[Event "ICC tourney 2107 (75 10)"]
[Site "Internet Chess Club"]
[Date "2020.11.08"]
[Round "6"]
[White "pegasuscosmo"]
[Black "ayanloveschess"]
[Result "0-1"]
[ICCResult "White resigns"]
[WhiteElo "113"]
[BlackElo "879"]
[Opening "Evans gambit declined"]
[ECO "C51"]
[NIC "IG.05"]
[Time "14:32:18"]
[PlyCount "90"]
[TimeControl "4500+10"]

1. e4 e5 2. Nf3 Nc6 3. Bc4 Bc5 4. b4 Bb6 5. O-O Nxb4 6. c3 Nc6 7. Bb2 Nf6
8. d4 d6 9. dxe5 dxe5 10. Qxd8+ Nxd8 11. Nxe5 Nxe4 12. Re1 Bxf2+ 13. Kf1
Bxe1 14. Kxe1 O-O 15. Nd2 Nxd2 16. Kxd2 Re8 17. Re1 Be6 18. Bb5 c6 19. Ba4
b5 20. Bb3 Bxb3 21. axb3 f6 22. Nd3 Rxe1 23. Nxe1 Ne6 24. c4 bxc4 25. bxc4
Rd8+ 26. Ke2 Nf4+ 27. Ke3 Re8+ 28. Kxf4 Rxe1 29. Bc3 Rc1 30. Bd2 Rxc4+ 31.
Kf3 Rc2 32. Be3 a5 33. Bb6 a4 34. Bd4 a3 35. g4 a2 36. h4 Rc1 37. Bb2 Rf1+
38. Ke2 a1=Q 39. Bxa1 Rxa1 40. Kf3 c5 41. g5 fxg5 42. hxg5 c4 43. Ke3 c3
44. Kd3 Rg1 45. Kxc3 Rxg5 { White resigns } 0-1

[Event "ICC tourney 2107 (75 10)"]
[Site "Internet Chess Club"]
[Date "2020.11.08"]
[Round "6"]
[White "johnzabraham"]
[Black "charlesshen"]
[Result "0-1"]
[ICCResult "White resigns"]
[WhiteElo "1060"]
[BlackElo "1109"]
[Opening "QGD: Grau (Sahovic) defense"]
[ECO "D06"]
[NIC "QP.08"]
[Time "14:32:44"]
[PlyCount "112"]
[TimeControl "4500+10"]

1. d4 d5 2. c4 Bf5 3. cxd5 Nf6 4. Nc3 Nxd5 5. Nxd5 Qxd5 6. Bf4 Nc6 7. e3
O-O-O 8. Nf3 f6 9. Be2 e5 10. Bg3 exd4 11. exd4 Nxd4 12. Nxd4 Qxd4 13. Qc1
Bb4+ 14. Kf1 Rd7 15. Bf4 Bd3 16. Bxd3 Qxd3+ 17. Kg1 Re8 18. Be3 Bd2 19.
Bxd2 Qxd2 20. h3 Qxc1+ 21. Rxc1 Re2 22. Kh2 Rxf2 23. Rhe1 Kd8 24. Rcd1 Rxb2
25. Rxd7+ Kxd7 26. Rd1+ Ke6 27. Re1+ Kf7 28. Rd1 Re2 29. Rd7+ Re7 30. Rd2
c5 31. Rc2 Rc7 32. Kg3 b5 33. Kf4 c4 34. Ke4 Rd7 35. Rb2 a6 36. Rc2 Ke6 37.
g4 g6 38. Rf2 Rd5 39. Rb2 f5+ 40. gxf5+ gxf5+ 41. Kf4 Rd4+ 42. Kg5 c3 43.
Rc2 b4 44. h4 Rd2 45. Rc1 Re2 46. h5 a5 47. Kh6 Kf6 48. Kxh7 Rxa2 49. h6
Rh2 50. Rg1 Rxh6+ 51. Kxh6 c2 52. Rg6+ Ke5 53. Rc6 b3 54. Rc5+ Kd4 55. Rxa5
c1=Q+ 56. Kg7 Qc7+ { White resigns } 0-1

[Event "ICC tourney 2107 (75 10)"]
[Site "Internet Chess Club"]
[Date "2020.11.08"]
[Round "6"]
[White "Nathan-Shamalov"]
[Black "EW2006"]
[Result "1/2-1/2"]
[ICCResult "Game drawn because neither player has mating material"]
[WhiteElo "1098"]
[BlackElo "1243"]
[Opening "Philidor's defense"]
[ECO "C41"]
[NIC "KP.10"]
[Time "14:32:15"]
[PlyCount "159"]
[TimeControl "4500+10"]

1. e4 e5 2. Nf3 d6 3. c3 c5 4. d4 cxd4 5. cxd4 exd4 6. Nxd4 Nf6 7. Bb5+ Bd7
8. Bxd7+ Qxd7 9. O-O Be7 10. Nf5 O-O 11. Nc3 Nc6 12. Qf3 g6 13. Nxe7+ Qxe7
14. Nd5 Nxd5 15. exd5 Ne5 16. Qc3 Rfc8 17. Qb3 Qc7 18. Bh6 f6 19. Rac1 Qd7
20. Qe3 Ng4 21. Qh3 Ne5 22. Qe6+ Qxe6 23. dxe6 Re8 24. Rce1 Re7 25. Re4
Rae8 26. Rfe1 f5 27. R4e2 Nd3 28. Rd1 Nc5 29. Rxd6 Rxe6 30. Rdxe6 Rxe6 31.
Rxe6 Nxe6 32. Be3 a6 33. Kf1 Kf7 34. Ke2 Ke7 35. Kd3 Kd6 36. Kc4 Kc6 37. a4
f4 38. Bd4 b5+ 39. axb5+ axb5+ 40. Kd3 Kd5 41. Bc3 Nc5+ 42. Ke2 Ke4 43. f3+
Kd5 44. g3 fxg3 45. hxg3 Na4 46. Kd2 Nb6 47. Ke3 Nd7 48. Kf4 Ke6 49. Kg5
Kf7 50. Kh6 Kg8 51. g4 Nc5 52. f4 Nd3 53. f5 gxf5 54. gxf5 b4 55. Bd4 b3
56. Kg5 Kf7 57. Kg4 Nb4 58. Kf3 Nd5 59. Ke4 Ne7 60. f6 Ng8 61. Kd3 Nxf6 62.
Kc3 h5 63. Kxb3 Nd7 64. Kc4 Ke6 65. Bf2 Kd6 66. Kb5 Kc7 67. Ka6 Nb8+ 68.
Ka7 Nc6+ 69. Ka8 Nb4 70. b3 Kc6 71. Ka7 Kb5 72. Kb7 Nd3 73. Bh4 Kb4 74. Kc7
Kxb3 75. Kd6 Kc3 76. Ke6 Kd4 77. Kf5 Ke3 78. Kg5 Nf4 79. Bg3 Ne2 80. Kxh5 {
Game drawn because neither player has mating material } 1/2-1/2

[Event "ICC tourney 2107 (75 10)"]
[Site "Internet Chess Club"]
[Date "2020.11.08"]
[Round "6"]
[White "oecooke"]
[Black "akumarum"]
[Result "1-0"]
[ICCResult "Black checkmated"]
[WhiteElo "984"]
[BlackElo "1047"]
[Opening "Scotch gambit"]
[ECO "C44"]
[NIC "SO.06"]
[Time "14:32:25"]
[PlyCount "67"]
[TimeControl "4500+10"]

1. e4 e5 2. Nf3 Nc6 3. d4 exd4 4. Bc4 f6 5. O-O Bc5 6. c3 dxc3 7. Nxc3 d6
8. Qb3 Nh6 9. Bxh6 gxh6 10. Rfe1 Bg4 11. Nh4 Qe7 12. h3 Bh5 13. Nf5 Qf8 14.
Nd5 O-O-O 15. Nf4 Qe8 16. Bb5 Bg6 17. Ng7 Qe7 18. Nfe6 Bf7 19. Bxc6 bxc6
20. Qc4 Kb8 21. Rac1 Rhg8 22. Nxd8 Rxd8 23. Qa6 Qd7 24. b4 Bb6 25. a4 Bd4
26. Nf5 Be5 27. Rxc6 Qc8 28. Qa5 Be6 29. Ne7 Qd7 30. Qb5+ Ka8 31. Nd5 Bxd5
32. Qxd5 Qc8 33. Rb6+ Qb7 34. Qxb7# { Black checkmated } 1-0

[Event "ICC tourney 2107 (75 10)"]
[Site "Internet Chess Club"]
[Date "2020.11.08"]
[Round "6"]
[White "Maximusiv"]
[Black "AarushV5"]
[Result "1-0"]
[ICCResult "Black checkmated"]
[WhiteElo "1028"]
[BlackElo "658"]
[Opening "King's pawn game"]
[ECO "C50"]
[NIC "IG.03"]
[Time "14:32:14"]
[PlyCount "69"]
[TimeControl "4500+10"]

1. e4 e5 2. Nf3 Nc6 3. Bc4 h6 4. d4 exd4 5. O-O Nf6 6. e5 Ng4 7. Re1 d6 8.
h3 Ngxe5 9. Nxe5 dxe5 10. Bb5 Bc5 11. Bxc6+ bxc6 12. Rxe5+ Be7 13. Qe1 c5
14. Rxc5 O-O 15. Rh5 Re8 16. Qd1 Bb7 17. Bxh6 gxh6 18. Rxh6 Bg5 19. Qg4 f6
20. h4 Re1+ 21. Kh2 Bc8 22. Qg3 Rb8 23. hxg5 fxg5 24. Qd3 Rd1 25. Qg6+ Kf8
26. Rh8+ Ke7 27. Qg7+ Kd6 28. Rxd8+ Kc6 29. Qh8 Kb7 30. Rxd4 Rxd4 31. Qxd4
Ka6 32. b3 Rb7 33. Nc3 Ka5 34. Qa4+ Kb6 35. Qb5# { Black checkmated } 1-0

[Event "ICC tourney 2107 (75 10)"]
[Site "Internet Chess Club"]
[Date "2020.11.08"]
[Round "6"]
[White "travelworld"]
[Black "oxdidi"]
[Result "1-0"]
[ICCResult "Black resigns"]
[WhiteElo "1150"]
[BlackElo "1055"]
[Opening "Scotch: Mieses variation"]
[ECO "C45"]
[NIC "SO.04"]
[Time "14:32:32"]
[PlyCount "81"]
[TimeControl "4500+10"]

1. e4 e5 2. Nf3 Nc6 3. d4 exd4 4. Nxd4 Nf6 5. Nxc6 bxc6 6. e5 Nd5 7. c4 Nb6
8. Bd3 Bb7 9. Nc3 Bb4 10. a3 Bxc3+ 11. bxc3 c5 12. O-O Qe7 13. Re1 O-O-O
14. Qg4 f6 15. Bf4 g5 16. exf6 Qxf6 17. Be5 Qe6 18. Qxe6 dxe6 19. Bxh8 Rxd3
20. Rxe6 Rd8 21. Bf6 Rg8 22. Rae1 Nxc4 23. Re8+ Rxe8 24. Rxe8+ Kd7 25. Re7+
Kc6 26. Rxh7 g4 27. Bd8 Nxa3 28. Rxc7+ Kb6 29. Rg7+ Kc6 30. Rxg4 Nb5 31. h4
Nxc3 32. h5 Ne2+ 33. Kh2 Kd7 34. Rg7+ Kc6 35. Rc7+ Kb6 36. Re7+ Kc6 37.
Rxe2 Kd7 38. Re7+ Kxd8 39. Rxb7 a5 40. h6 Ke8 41. h7 { Black resigns } 1-0

[Event "ICC tourney 2107 (75 10)"]
[Site "Internet Chess Club"]
[Date "2020.11.08"]
[Round "6"]
[White "ZebraGamer"]
[Black "unigirl314"]
[Result "0-1"]
[ICCResult "White checkmated"]
[WhiteElo "710"]
[BlackElo "892"]
[Opening "Ruy Lopez: classical (Cordel) defense"]
[ECO "C64"]
[NIC "RL.01"]
[Time "14:32:26"]
[PlyCount "132"]
[TimeControl "4500+10"]

1. e4 e5 2. Nf3 Nc6 3. Bb5 Bc5 4. Bxc6 dxc6 5. O-O Qe7 6. d4 exd4 7. Bg5 f6
8. Bh6 Nxh6 9. Re1 O-O 10. Nxd4 Bxd4 11. Qxd4 Qd6 12. c3 Qxd4 13. cxd4 Be6
14. e5 Rad8 15. exf6 Rxf6 16. Nc3 Bd5 17. Ne4 Bxe4 18. Rxe4 Rfd6 19. Rae1
Rxd4 20. Rxd4 Rxd4 21. Re8+ Kf7 22. Re1 Rd7 23. h3 Re7 24. Rd1 Nf5 25. Rd3
Nd6 26. g4 Kg8 27. h4 Re6 28. f4 Re1+ 29. Kf2 Re6 30. f5 Rf6 31. Re3 g6 32.
h5 gxh5 33. gxh5 Rxf5+ 34. Kg3 Rxh5 35. Re7 Nf5+ 36. Kg4 Nxe7 37. Kxh5 Kf7
38. a4 Ke6 39. b4 Nd5 40. Kg4 Nxb4 41. Kf3 b5 42. a5 a6 43. Ke2 Kd5 44. Kd2
Kc4 45. Kc1 Kb3 46. Kb1 Ka4 47. Kb2 Kxa5 48. Kc3 h5 49. Kd2 h4 50. Ke1 Nd3+
51. Ke2 h3 52. Kf1 b4 53. Kg1 b3 54. Kh2 b2 55. Kxh3 b1=Q 56. Kg3 c5 57.
Kf3 c4 58. Ke3 c3 59. Kd4 c2 60. Kxd3 c1=Q+ 61. Kd4 Qbb2+ 62. Kd5 Qbd2+ 63.
Ke5 Qce1+ 64. Kf5 Qdf2+ 65. Kg5 Qeg1+ 66. Kh5 Qfh2# { White checkmated }
0-1